 Dungeon Crawl Stone Soup version 0.29-a0-993-g4a18f31a58 (webtiles) character file.

Game seed: 10583255466154953713

10539 quinnr the Zephyrmancer (level 11, -9/60 HPs)
             Began as a Tengu Air Elementalist on Aug 3, 2022.
             Was an Elder of Vehumet.
             Mangled by an orc warrior
             ... wielding a +0 trident
              (18 damage)
             ... on level 1 of the Orcish Mines.
             The game lasted 00:37:40 (18351 turns).

quinnr the Zephyrmancer (Tengu Air Elementalist)   Turns: 18351, Time: 00:37:41

Health: -9/60      AC:  6    Str:  8    XL:     11   Next: 63%
Magic:  16/21      EV: 17    Int: 20    God:    Vehumet [****..]
Gold:   684        SH: 12    Dex: 15    Spells: 9/22 levels left

rFire   . . .      SeeInvis .   n - staff of cold
rCold   + . .      Faith    .   e - +2 buckler
rNeg    . . .      Spirit   .   A - +1 robe {Will+}
rPois   +          Reflect  +   (helmet restricted)
rElec   .          Harm     .   (no cloak)
rCorr   .          Rampage  .   C - +2 pair of gloves
Will    +....                   (boots unavailable)
Stlth   ++++......              w - amulet of reflection
HPRegen 0.20/turn               G - ring of poison resistance
MPRegen 0.17/turn               (no ring)

@: flying quickly and evasively, quick
A: beak, talons 3, nimble flight
a: Renounce Religion


You were on level 1 of the Orcish Mines.
You worshipped Vehumet.
Vehumet was greatly pleased with you.
You visited 3 branches of the dungeon, and saw 13 of its levels.
You also visited: Sewer and Bailey.

You collected 750 gold pieces.
You spent 66 gold pieces at shops.

Inventory:

Missiles
 q - 2 throwing nets
 t - 5 curare-tipped darts
 B - 3 silver boomerangs
 L - 9 poisoned darts
Armour
 a - a +0 robe
 e - a +2 buckler (worn)
 A - a +1 robe of willpower (worn)
 C - a +2 pair of gloves (worn)
 O - an orb of wrath
Magical Staves
 n - a staff of cold (weapon)
Jewellery
 w - an amulet of reflection (around neck)
 G - a ring of poison resistance (left hand)
 M - a ring of ice
Wands
 u - a wand of roots (18)
 v - a wand of flame (8)
 y - a wand of digging (11)
 D - a wand of acid (10)
Scrolls
 d - 2 scrolls of enchant armour {unknown}
 l - 6 scrolls of teleportation {unknown}
 m - 4 scrolls of enchant weapon
 o - 3 scrolls of fear {unknown}
 p - 4 scrolls of brand weapon
 r - a scroll of amnesia
 s - 2 scrolls of torment
 H - a scroll of identify
 I - a scroll of summoning {unknown}
 N - a scroll of silence {unknown}
 P - a scroll of magic mapping
 Q - a scroll of acquirement {unknown}
 R - a scroll of poison {unknown}
Potions
 b - 4 potions of magic
 c - 3 potions of lignification
 f - 3 potions of experience {unknown}
 g - 3 potions of attraction
 h - 2 potions of flight
 i - 10 potions of curing
 j - 6 potions of mutation
 k - 9 potions of might
 x - 2 potions of heal wounds
 z - 5 potions of haste
 E - 2 potions of brilliance
 F - 2 potions of ambrosia
 J - 3 potions of invisibility {unknown}
 K - a potion of cancellation {unknown}


   Skills:
 - Level 3.0 Fighting
 + Level 6.4 Dodging
 - Level 9.0 Stealth
 - Level 4.0 Shields
 - Level 6.0 Spellcasting
 - Level 5.0 Conjurations
 - Level 14.0 Air Magic
 - Level 5.0 Poison Magic
 - Level 4.0 Evocations


You had 9 spell levels left.
You knew the following spells:

 Your Spells              Type           Power      Damage    Failure   Level
a - Shock                 Conj/Air       100%       1d9       1%          1
b - Static Discharge      Conj/Air       44%        3-9/arc   1%          2
c - Airstrike             Air            29%        2d(5-21)  1%          4
d - Poisonous Vapours     Pois/Air       88%        N/A       1%          2
e - Olgreb's Toxic Radia  Pois           26%        N/A       4%          4

Your spell library contained the following spells:

 Spells                   Type           Power      Damage    Failure   Level
 Irradiate                Conj/Tmut      8%         3d14      32%         5
 Swiftness                Air            58%        N/A       1%          3
 Conjure Flame            Conj/Fire      16%        6-21      4%          3
 Ensorcelled Hibernation  Hex/Ice        18%        N/A       21%         2
 Passwall                 Tmut/Erth      5%         N/A       21%         2
 Starburst                Conj/Fire      8%         6d4       83%         6
 Storm Form               Tmut/Air       17%        N/A       99%         7
 Borgnjor's Revivificati  Necr           3%         N/A       100%        8
 Necromutation            Tmut/Necr      3%         N/A       100%        8
 Death's Door             Necr           3%         N/A       100%        9


Dungeon Overview and Level Annotations

Branches:
Dungeon (11/15)            Temple (1/1) D:7             Orc (1/2) D:11
  Sewer (visited)          Bailey (visited)
   Lair: D:8-11

Altars:
Ashenzari
Cheibriados
Dithmenos
Elyvilon
Fedhas
Gozag
Hepliaklqana
Kikubaaqudgha
Makhleb
Nemelex Xobeh
Okawaru
Qazlal
Ru
Sif Muna
Trog
Uskayaw
Vehumet
Wu Jian
Xom
Yredelemnul
Zin
The Shining One

Shops:
D:5 *

Annotations:
D:11 exclusion: 2 death yaks
Temple 2 transporters


Innate Abilities, Weirdness & Mutations

You have a beak for a mouth.
You have claws for feet.
Your magical nature lets you fly swiftly and evasively.


Message History

The orc wizard is struck by an arc of lightning!
You kill the orc wizard!
Vehumet accepts your kill.
The lightning grounds out.
The vampire mosquito bites you.
The vampire mosquito draws strength from your injuries!
You block the vampire mosquito's attack.
The orc warrior hits you from afar with a +0 trident!
The orc warrior hits you with a +0 scimitar!
The orc priest barely misses you. You block the orc's attack.
Unknown command.
Unknown command.
Casting: Static Discharge (safe; 1% risk of failure)
Confirm with . or Enter, or press ? or * to list all spells.
The orc priest is struck by an arc of lightning.
The orc priest is moderately wounded.
You are struck by an arc of lightning.
The vampire mosquito is struck by an arc of lightning!
The vampire mosquito is moderately damaged.
The lightning grounds out.
The vampire mosquito is struck by an arc of lightning!
The vampire mosquito is severely damaged.
You are struck by an arc of lightning.
The vampire mosquito is struck by an arc of lightning.
The vampire mosquito is almost destroyed.
The lightning grounds out.
The orc is struck by an arc of lightning!
You kill the orc!
Vehumet accepts your kill.
You feel your power returning.
You are struck by an arc of lightning.
* * * LOW HITPOINT WARNING * * *
The orc warrior is struck by an arc of lightning.
The orc warrior is lightly wounded.
The lightning grounds out.
You block the vampire mosquito's attack.
The vampire mosquito bites you!
* * * LOW HITPOINT WARNING * * *
The vampire mosquito draws strength from your injuries!
The orc priest barely misses you.
The orc warrior hits you from afar with a +0 trident!!
You die...

≈ ## ≈§ #.#
##.#..#
.......###
......o)y##
#...oo@).#
§≈..#.oo).#
§ #..o..#
####....
o...# ...##
..## .##


You could see 2 orc warriors, a vampire mosquito, an orc priest and 4 orcs.

Vanquished Creatures
  Harold (D:9)
  Erica (D:7)
  A two-headed ogre (D:9)
  A manticore (D:11)
  Maggie (D:9)
  A komodo dragon (D:10)
  A troll (D:8)
  A vampire (D:10)
  Sigmund (D:3)
  2 wyverns
  13 yaks
  2 vampire mosquitoes (D:11)
  5 black bears
  7 orc warriors
  3 ice beasts
  An ogre (D:7)
  3 centaurs
  A phantom (D:6)
  A kobold brigand (D:9)
  4 bullfrogs
  A necrophage (D:6)
  2 gnoll sergeants (D:8)
  7 scorpions
  8 wights
  10 killer bees
  An electric eel (D:7)
  8 hounds
  2 jellies
  5 orc priests
  A gnoll bouda (D:9)
  6 iguanas
  Ijyb (D:3)
  Terence (D:3)
  10 orc wizards
  Robin (D:3)
  12 adders
  21 gnolls
  A river rat (Sewer)
  2 shadow imps
  An ufetubus (D:6)
  A dart slug (D:4)
  44 orcs
  3 bats (D:1)
  4 endoplasms
  5 giant cockroaches
  17 goblins
  15 hobgoblins
  3 jackals (D:3)
  14 kobolds
  A quokka (D:1)
  6 ball pythons
  9 frilled lizards
  4 goblin skeletons (D:7)
  A goblin zombie (D:7)
  2 hobgoblin zombies (D:7)
  3 kobold skeletons (D:7)
  2 kobold zombies (D:7)
  2 orc skeletons (D:7)
  2 orc zombies (D:7)
  8 rats
298 creatures vanquished.

Vanquished Creatures (others)
  37 plants (D:7)
37 creatures vanquished.

Grand Total: 335 creatures vanquished

Notes
Turn   | Place    | Note
-------+----------+-------------------------------------------
     0 | D:1      | quinnr the Tengu Air Elementalist began the quest for the
                  | Orb.
     0 | D:1      | Reached XP level 1. HP: 10/10 MP: 4/4
   359 | D:1      | Reached XP level 2. HP: 15/15 MP: 3/6
   411 | D:1      | Learned a level 2 spell: Static Discharge
   602 | D:1      | Reached skill level 1 in Shields
  1421 | D:2      | Reached XP level 3. HP: 19/19 MP: 4/7
  1558 | D:2      | Found a faded altar of an unknown god.
  1646 | D:2      | Reached skill level 5 in Air Magic
  2170 | D:3      | Noticed Sigmund
  2170 | D:3      | Noticed Robin
  2227 | D:4      | Noticed a scorpion
  2233 | D:4      | Killed a scorpion
  2234 | D:4      | Reached XP level 4. HP: 18/24 MP: 1/8
  2277 | D:4      | Reached skill level 6 in Air Magic
  2277 | D:4      | Gained mutation: Your magical nature lets you fly swiftly
                  | and evasively. [Tengu growth]
  2277 | D:4      | Reached XP level 5. HP: 15/28 MP: 2/9
  2646 | D:4      | Noticed a black bear
  2670 | D:4      | Killed a black bear
  2671 | D:4      | Reached XP level 6. HP: 25/32 MP: 3/10
  2776 | D:4      | Reached skill level 7 in Air Magic
  2889 | D:4      | Learned a level 4 spell: Airstrike
  2973 | D:4      | Reached skill level 1 in Fighting
  3175 | D:4      | Noticed a black bear
  3285 | D:4      | Killed a black bear
  3286 | D:4      | Reached skill level 8 in Air Magic
  3286 | D:4      | Reached XP level 7. HP: 38/38 MP: 3/11
  3489 | D:5      | Entered Level 5 of the Dungeon
  3894 | D:5      | Found Beelumeu's General Store.
  3902 | D:5      | Bought 2 scrolls of identify for 44 gold pieces
  3902 | D:5      | Bought a scroll of identify for 22 gold pieces
  4093 | D:5      | Reached skill level 9 in Air Magic
  4518 | D:5      | You are sucked into a shaft and drop 2 floors!
  4621 | D:7      | Found a glowing golden altar of the Shining One.
  4871 | D:7      | Reached XP level 8. HP: 31/43 MP: 4/13
  5015 | D:7      | Found a staircase to the Ecumenical Temple.
  5223 | D:7      | Reached skill level 10 in Air Magic
  5486 | D:7      | Reached skill level 11 in Air Magic
  5579 | D:7      | HP: 4/43 [centaur/arrow (7)]
  5591 | D:7      | HP: 3/43 [centaur/arrow (12)]
  5593 | D:7      | Reached skill level 1 in Evocations
  5621 | Temple   | Entered the Ecumenical Temple
  5621 | Temple   | Found a transporter.
  5621 | Temple   | Found a transporter.
  5881 | Temple   | Found a transporter.
  5881 | Temple   | Found a transporter.
  5900 | Temple   | Became a worshipper of Vehumet
  6144 | D:6      | Found a glowing drain.
  6320 | Sewer    | Entered a sewer
  6560 | Sewer    | Reached XP level 9. HP: 47/47 MP: 13/16
  6653 | Sewer    | Reached * piety under Vehumet
  6653 | Sewer    | Offered knowledge of Foxfire by Vehumet.
  7036 | D:3      | Found an ornate altar of the Wu Jian Council.
  7044 | D:3      | Killed Sigmund
  7044 | D:3      | Noticed Terence
  7156 | D:3      | Killed Terence
  7326 | D:3      | Identified the +2 short sword "Dragon's Tongue" {holy, rC-
                  | Dex+8 Stlth+}
  7471 | D:3      | Killed Robin
  7540 | D:3      | Offered knowledge of Scorch by Vehumet.
  7575 | D:3      | Reached ** piety under Vehumet
  7628 | D:3      | Noticed Ijyb
  7633 | D:3      | Killed Ijyb
  9010 | D:6      | Reached skill level 5 in Dodging
  9081 | D:6      | Reached skill level 12 in Air Magic
  9377 | D:7      | Reached skill level 5 in Stealth
  9415 | D:7      | Found a shimmering blue altar of Sif Muna.
 10029 | D:7      | Reached XP level 10. HP: 52/52 MP: 10/17
 10151 | D:7      | Reached skill level 13 in Air Magic
 10280 | D:8      | Noticed Erica
 10562 | D:8      | Offered knowledge of Poisonous Vapours by Vehumet.
 10573 | D:8      | Learned a level 2 spell: Poisonous Vapours
 12050 | D:7      | Found a shimmering blue altar of Sif Muna.
 12082 | D:7      | Killed Erica
 12083 | D:7      | Reached skill level 14 in Air Magic
 12203 | D:7      | Found a staircase to the Ecumenical Temple.
 12248 | D:7      | Found a glowing golden altar of the Shining One.
 14254 | D:9      | Noticed Maggie
 14262 | D:9      | Killed Maggie
 14263 | D:9      | Reached skill level 1 in Poison Magic
 14380 | D:9      | Found a flagged portal.
 14389 | D:9      | Reached *** piety under Vehumet
 14406 | Bailey   | Entered a bailey
 15025 | Bailey   | Offered knowledge of Olgreb's Toxic Radiance by Vehumet.
 15360 | D:9      | Noticed a two-headed ogre
 15385 | D:9      | Killed a two-headed ogre
 15386 | D:9      | Reached XP level 11. HP: 60/60 MP: 11/19
 15550 | D:9      | Noticed Harold
 15560 | D:9      | Killed Harold
 15561 | D:9      | Reached skill level 5 in Spellcasting
 15626 | D:9      | Reached skill level 5 in Conjurations
 16417 | D:9      | Learned a level 4 spell: Olgreb's Toxic Radiance
 16632 | D:10     | Entered Level 10 of the Dungeon
 16782 | D:10     | Got Pull's Cyclopedia of Unstable Incandescence
 16998 | D:10     | Reached **** piety under Vehumet
 17966 | D:11     | Noticed a manticore
 17969 | D:11     | Killed a manticore
 17970 | D:11     | Reached skill level 5 in Poison Magic
 18059 | D:11     | Noticed a death yak
 18059 | D:11     | Noticed a death yak
 18117 | D:11     | Offered knowledge of Irradiate by Vehumet.
 18334 | D:11     | Noticed a boulder beetle
 18340 | D:11     | Found a staircase to the Orcish Mines.
 18349 | Orc:1    | Entered Level 1 of the Orcish Mines
 18351 | Orc:1    | Mangled by an orc warrior

Illustrated notes

Levels and vault maps discovered:
D:1:      mainiacjoe_arrival_reflecting_pool, layout_basic
D:2:      layout_loops_corners, ebering_ecumenical_altar_rust,
          minmay_tromino_mix6
D:3:      kennysheep_goblin_castle, layout_basic, nzn_wu_jian_contemplation,
          serial_glass, glass_columns_b, glass_columns_a, item_on_display_a,
          item_on_display_a, feat_on_display, uniq_terence, uniq_sigmund,
          uniq_robin
D:4:      layout_rooms
D:5:      layout_basic, serial_shops, nicolae_lakefront_shop,
          serial_park_tiny_pond
D:6:      layout_loops_ring, gup_sewer_entry_glass, minmay_misc_feat_cross
D:7:      minmay_spotlight, layout_gridville,
          mainiacjoe_overflow_concentric_impassable,
          nicolae_tso_besieged_by_evil, minmay_temple_entry_gardened_gates,
          serial_bayou_lagoon_a
D:8:      layout_loops_corners, uniq_erica
D:9:      layout_loops_ring, enter_bailey_2, minmay_strange_pillars,
          dreamdust_gnoll_shepherd, uniq_maggie, uniq_harold
D:10:     layout_basic, lemuel_flamethrower_1
D:11:     layout_long_grid, dpeg_lair_monsters, orc_0_dummy,
          nicolae_eternal_life, uniq_lodul
Temple:   hellmonk_temple_divided_pantheon
Orc:1:    layout_diamond_mine, basic_altar, guppyfry_orc_lava_fort, uniq_maurice

Skill      XL: |  1  2  3  4  5  6  7  8  9 10 11 |
---------------+----------------------------------+-----
Shields        | 1 2 3 4 |  4.0
Air Magic      | 5 6 8 9 11 12 14 | 14.0
Fighting       | 1 3 |  3.0
Dodging        | 3 5 6 |  6.4
Spellcasting   | 3 4 6 |  6.0
Evocations     | 2 4 |  4.0
Stealth        | 3 6 9 |  9.0
Conjurations   | 4 5 |  5.0
Poison Magic   | 2 5 |  5.0

Action                   |  1- 3 |  4- 6 |  7- 9 | 10-12 || total
-------------------------+-------+-------+-------+-------++-------
Melee: Staff             |       |     8 |     4 |    16 ||    28
       Kick              |       |     3 |     1 |     8 ||    12
       Peck              |       |     2 |       |     5 ||     7
 Cast: Shock             |    56 |    45 |   258 |   153 ||   512
       Static Discharge  |     2 |     2 |    38 |    22 ||    64
       Airstrike         |       |     4 |    31 |    42 ||    77
       Poisonous Vapours |       |       |       |    71 ||    71
Evoke: Wand              |       |       |       |     2 ||     2
  Use: Scroll            |       |       |    17 |     1 ||    18
       Potion            |       |       |     2 |     1 ||     3
Armor: Robe              |     2 |       |     6 |    12 ||    20
Dodge: Dodged            |    11 |    10 |    48 |    54 ||   123
Block: Buckler           |     2 |     2 |    27 |    84 ||   115
       Reflection        |       |       |       |     6 ||     6

Table legend: (Time is in decaauts)
 A = Elapsed time spent in this place.
 B = Non-inter-level travel time spent in this place.
 C = Inter-level travel time spent in this place.
 D = Time resting spent in this place.
 E = Time spent auto-exploring this place.
 F = Levels seen in this place.
 G = Mean time per level.
                   A        B        C        D        E       F      G
               +--------+--------+--------+--------+--------+-----+--------+
         Total |  17609 |  17013 |    596 |   4220 |  10179 |  15 | 1173.9 |
       Dungeon |  16008 |  15419 |    589 |   3558 |   9532 |  11 | 1455.3 |
        Temple |    478 |    471 |      7 |    410 |      5 |   1 |  478.0 |
  Orcish Mines |      1 |      1 |      0 |      0 |      0 |   1 |    1.0 |
         Sewer |    440 |    440 |      0 |      0 |    393 |   1 |  440.0 |
        Bailey |    680 |    680 |      0 |    252 |    248 |   1 |  680.0 |
               +--------+--------+--------+--------+--------+-----+--------+

Top non-repeatable levels by time:
     D:7: 3272 daAuts
     D:8: 3196 daAuts
     D:6: 1495 daAuts
     D:4: 1283 daAuts
     D:2: 1255 daAuts
     D:5: 1242 daAuts
     D:9: 1125 daAuts
    D:10: 1031 daAuts
     D:1: 963 daAuts
     D:3: 753 daAuts
  Bailey: 680 daAuts
  Temple: 478 daAuts
   Sewer: 440 daAuts
    D:11: 391 daAuts
   Orc:1: 1 daAuts
